 Dungeon Crawl Stone Soup version 0.24-a0-462-ge24419a6ad (webtiles) character file.

Game seed: 6445203961386116877

688 Peloso the Shield-Bearer (level 7, -2/60 (61) HPs)
             Began as a Minotaur Fighter on July 2, 2019.
             Was a Follower of Okawaru.
             Killed by divine providence
             ... invoked by an orc priest
              (11 damage)
             ... on level 4 of the Dungeon.
             The game lasted 00:05:50 (3242 turns).

Peloso the Shield-Bearer (Minotaur Fighter)         Turns: 3242, Time: 00:05:50

HP:   -2/60 (61)    AC:  7    Str: 21    XL:     7   Next: 36%
MP:   6/6           EV: 10    Int:  5    God:    Okawaru [*.....]
Gold: 46            SH: 12    Dex: 11    Spells: 6/6 levels left

rFire    . . .     SeeInvis +   a - +0 long sword
rCold    . . .     Gourm    .   c - +3 warlock's mirror {reflect}
rNeg     . . .     Faith    .   b - +0 scale mail
rPois    .         Spirit   .   (helmet restricted)
rElec    .         Reflect  +   (no cloak)
rCorr    .         Harm     .   (no gloves)
MR       .....                  (no boots)
Stlth    ..........             j - +4 amulet of reflection
HPRegen  0.20/turn              i - ring of see invisible
MPRegen  0.10/turn              (no ring)

@: studying Short Blades, lightly drained
A: retaliatory headbutt, horns 2
a: Heroism, Renounce Religion


You were on level 4 of the Dungeon.
You worshipped Okawaru.
Okawaru was aware of your devotion.
You were not hungry.

You visited 1 branch of the dungeon, and saw 4 of its levels.

You collected 178 gold pieces.
You spent 132 gold pieces at shops.

Inventory:

Hand Weapons
 a - a +0 long sword (weapon)
Missiles
 g - 25 bolts
Armour
 b - a +0 scale mail (worn)
 c - the +3 warlock's mirror (worn) {reflect}
   (You found it on level 4 of the Dungeon)
Jewellery
 i - a ring of see invisible (left hand)
 j - a +4 amulet of reflection (around neck)
 m - an uncursed amulet of the gourmand
 w - a +2 ring of protection {unknown}
Wands
 p - a wand of flame (18)
Scrolls
 h - 2 scrolls of enchant weapon {unknown}
 k - 2 scrolls of teleportation {unknown}
 o - 3 scrolls of identify {unknown}
 q - a scroll of enchant armour {unknown}
Potions
 d - a potion of might
 e - 3 potions of haste {unknown}
 l - a potion of invisibility {unknown}
 n - a potion of cancellation {unknown}
 r - a potion of mutation {unknown}
 s - a potion of heal wounds {unknown}
 t - 3 potions of curing
 v - a potion of magic {unknown}
 x - a potion of brilliance
Books
 u - a manual of Short Blades
Comestibles
 f - 10 rations


   Skills:
 + Level 5.3(5.0) Fighting
 + Level 5.5(5.2) Long Blades
 + Level 5.8(5.5) Armour
 + Level 2.0(1.8) Dodging
 + Level 0.3(0.0) Stealth
 + Level 6.1(5.7) Shields


You had 6 spell levels left.
You didn't know any spells.
Your spell library was empty.

Dungeon Overview and Level Annotations

Branches:
Dungeon (4/15)
 Temple: D:4-7

Altars:
Hepliaklqana
Okawaru
Trog
Uskayaw
Xom
Yredelemnul
The Shining One

Shops:
D:4 !


Innate Abilities, Weirdness & Mutations

You reflexively headbutt those who attack you in melee.
You have a pair of horns on your head.


Message History

You barely miss the orc. You barely miss the orc.
The orc priest looks satisfied for a moment.
You barely miss the orc. The orc barely misses you. You furiously retaliate!
You headbutt the orc!
You kill the orc!
Okawaru accepts your kill.
The orc priest invokes the aid of Beogh against you.
Beogh smites you!
You hit the orc.
The orc is lightly wounded.
The orc priest invokes the aid of Beogh against you.
Beogh smites you!
* * * LOW HITPOINT WARNING * * *
The orc barely misses you.
You barely miss the orc. You headbutt the orc, but do no damage.
The orc is lightly wounded.
The orc priest calls down the wrath of Beogh upon you.
Beogh smites you!
You die...

### ########.#
#........#
###########.######.#
#..o.o@..........#.#
##.########.####.#.####
#[#..#.#.#...
#.#..#.#.#.##
#............
#############.#.#.##
#......†....#.#.#...
#.#....####.#.#.####
#.......#.#.#.....


You could see an orc priest and an orc.

Vanquished Creatures
  A necrophage (D:3)
  An ogre (D:4)
  A bullfrog (D:3)
  2 scorpions
  A jelly (D:2)
  A bullfrog skeleton (D:4)
  Natasha (thrice) (D:3)
  Terence (D:2)
  3 orc wizards
  3 adders
  An adder skeleton (D:4)
  2 worms
  A dart slug (D:1)
  2 leopard geckos
  11 orcs
  2 giant cockroaches
  9 goblins
  5 hobgoblins
  3 jackals (D:3)
  2 quokkas
  4 ball pythons
  7 bats
  3 frilled lizards
  3 kobolds
  A quokka skeleton (D:4)
  6 rats
79 creatures vanquished.

Notes
Turn   | Place    | Note
-------+----------+-------------------------------------------
     0 | D:1      | Peloso the Minotaur Fighter began the quest for the Orb.
     0 | D:1      | Reached XP level 1. HP: 19/19 MP: 0/0
   152 | D:1      | Reached skill level 4 in Shields
   152 | D:1      | Reached XP level 2. HP: 21/27 MP: 1/1
   567 | D:2      | Found a shimmering altar of Xom.
   585 | D:2      | Reached XP level 3. HP: 31/33 MP: 2/2
   612 | D:2      | Found a glowing golden altar of the Shining One.
   613 | D:2      | Found a hazy altar of Hepliaklqana.
   615 | D:2      | Found a bloodstained altar of Trog.
   615 | D:2      | Found a basalt altar of Yredelemnul.
  1081 | D:2      | Noticed Terence
  1086 | D:2      | Killed Terence
  1086 | D:2      | Reached XP level 4. HP: 33/40 MP: 3/3
  1243 | D:3      | Found an iron altar of Okawaru.
  1261 | D:3      | Became a worshipper of Warmaster Okawaru
  1312 | D:3      | Noticed a bullfrog
  1315 | D:3      | Killed a bullfrog
  1315 | D:3      | Reached skill level 1 in Dodging
  1315 | D:3      | Reached XP level 5. HP: 44/47 MP: 4/4
  1324 | D:3      | Found a faded altar of an unknown god.
  1458 | D:3      | Noticed Natasha
  1465 | D:3      | Killed Natasha
  1465 | D:3      | Reached skill level 5 in Shields
  1562 | D:3      | Noticed Natasha
  1570 | D:3      | Killed Natasha
  1608 | D:3      | Noticed Natasha
  1615 | D:3      | Killed Natasha
  1740 | D:3      | Found a hide-covered altar of Uskayaw.
  1955 | D:4      | Noticed a necrophage
  1968 | D:3      | Killed a necrophage
  1968 | D:3      | Reached * piety under Okawaru
  1968 | D:3      | Reached skill level 5 in Armour
  1968 | D:3      | Reached XP level 6. HP: 35/52 MP: 5/5
  2133 | D:3      | Reached skill level 5 in Long Blades
  2379 | D:4      | Reached XP level 7. HP: 28/59 MP: 6/6
  2473 | D:4      | Reached skill level 6 in Shields
  2612 | D:4      | Reached skill level 5 in Fighting
  2634 | D:4      | Found Azomn's Distillery.
  2637 | D:4      | Bought a potion of curing for 36 gold pieces
  2637 | D:4      | Bought a potion of degeneration for 12 gold pieces
  2637 | D:4      | Bought a potion of lignification for 36 gold pieces
  2637 | D:4      | Bought a potion of brilliance for 48 gold pieces
  3089 | D:4      | Found the +3 warlock's mirror {reflect}
  3242 | D:4      | Killed from afar by an orc priest

Levels and vault maps discovered:
D:1:      scummos_arrival_checkerplants, layout_basic, serial_corexii_hall,
          corexii_hall_statues_t, chequers_hall_statues_corner_a
D:2:      layout_loops_ring, grunt_temple_overflow_open, first_ration,
          xom_teletrap_fun, uniq_terence
D:3:      layout_basic, nicolae_overflow_hidden_temple,
          nicolae_overflow_crystal_walls, chequers_ecumenical_altar_simple,
          uniq_natasha
D:4:      layout_basic, serial_shops, kennysheep_mini_moat, nrook_campfire,
          minmay_manual_moon

Skill      XL: |  1  2  3  4  5  6  7 |
---------------+----------------------+-----
Shields        | 4 5 6 |  6.1
Fighting       | 4 5 |  5.3
Long Blades    | 3 4 5 |  5.5
Armour         | 4 5 |  5.8
Dodging        | 1 2 |  2.0
Stealth        | |  0.3

Action                   |  1- 3 |  4- 6 |  7- 9 || total
-------------------------+-------+-------+-------++-------
Melee: Long sword        |    73 |   104 |    63 ||   240
       Headbutt          |    12 |    17 |     7 ||    36
  Eat: Chunk             |       |     4 |     4 ||     8
Armor: Scale mail        |    43 |    38 |    14 ||    95
Dodge: Dodged            |    29 |    37 |    16 ||    82
Block: Shield            |    58 |   101 |    36 ||   195
       Reflection        |     5 |     1 |       ||     6
       Rpst.: Long sword |     6 |     8 |     2 ||    16

Table legend:
 A = Non-vault XP
 B = Vault XP
 C = Vault XP percentage of total XP
 D = Non-vault monster count
 E = Vault monster count
 F = Vault count percentage of total count
                 A         B        C        D         E       F
            +---------+---------+-------+---------+---------+-------
      Total |     764 |     220 |  22.4 |      71 |       8 |  10.1
            +---------+---------+-------+---------+---------+-------
        D:1 |      39 |       0 |   0.0 |      24 |       0 |   0.0
        D:2 |      57 |      36 |  38.7 |       7 |       1 |  12.5
        D:3 |     310 |     177 |  36.3 |      22 |       4 |  15.4
        D:4 |     358 |       7 |   1.9 |      18 |       3 |  14.3
            +---------+---------+-------+---------+---------+-------
